 Dungeon Crawl Stone Soup version 0.30.1-4-g462c640d31 (webtiles) character file.

Game seed: 3461188327240644667

78773 spardeous the Destroyer (level 14, -8/122 HPs)
             Began as a Demigod Conjurer on Aug 12, 2023.
             Killed from afar by a hell hog (illusionary) (49 damage)
             ... with a fireball
             ... on level 14 of the Dungeon.
             The game lasted 00:53:58 (34008 turns).

spardeous the Destroyer (Demigod Conjurer)         Turns: 34008, Time: 00:53:58

Health: -8/122     AC: 12    Str:  8    XL:     14   Next: 78%
Magic:  15/33      EV: 19    Int: 34    God:
Gold:   55         SH: 13    Dex: 30    Spells: 19/34 levels left

rFire   . . .        r - staff of poison "Teppoc" {Fragile rPois rN+ Int+3 Dex+4}
rCold   + . .        Q - +0 kite shield {reflect}
rNeg    + . .        A - +1 robe {Archmagi}
rPois   +            G - +1 helmet {SInv}
rElec   .            S - scarf {repulsion}
rCorr   .            k - +0 pair of gloves
SInv    +            J - +1 pair of boots
Will    ++...        (no amulet)
Stlth   +++          a - +6 ring of dexterity
HPRegen 0.40/turn    X - ring "Baocwe" {rC+ Int+3}
MPRegen 0.23/turn

%: repel missiles, reflection, archmagi
@: no status effects
A: high MP 1, forlorn, divine attributes, iridescent scales 1, strong-willed 1
a: no special abilities


You were on level 14 of the Dungeon.
You visited 3 branches of the dungeon, and saw 21 of its levels.
You also visited: Sewer.

You collected 1630 gold pieces.
You spent 1575 gold pieces at shops.

Inventory:

Hand Weapons
 W - the +6 short sword "Qiow" {speed, Dex+3}
   (You found it on level 11 of the Dungeon)

   Dex:       It affects your dexterity (+3).
Armour
 k - a +0 pair of gloves (worn)
 y - an orb of energy
 A - a +1 robe of the Archmagi (worn)
 G - a +1 helmet of see invisible (worn)
 J - a +1 pair of boots (worn)
 Q - a +0 kite shield of reflection (worn)
 S - a scarf of repulsion (worn)
Magical Staves
 c - a staff of conjuration
 r - the staff of poison "Teppoc" (weapon) {Fragile rPois rN+ Int+3 Dex+4}
   (You acquired it on level 2 of the Orcish Mines)

   [staff of poison]

   Base accuracy: +5 Base damage: 5 Base attack delay: 1.2 This weapon's minimum
   attack delay (0.6) is reached at skill level 12.
   Int:       It affects your intelligence (+3).
   Dex:       It affects your dexterity (+4).
   rPois:     It protects you from poison.
   rN:        It protects you from negative energy.
   Fragile:   It will be destroyed if unequipped.
   It falls into the 'Staves' category.
   It is a one-handed weapon.
Jewellery
 a - a +6 ring of dexterity (left hand)
 x - a ring of protection from cold
 N - a ring of fire
 R - a ring of protection from cold
 U - a ring of resist corrosion
 X - the ring "Baocwe" (right hand) {rC+ Int+3}
   (You found it on level 9 of the Dungeon)

   [ring of protection from cold]

   Int:       It affects your intelligence (+3).
   rC:        It protects you from cold.
Wands
 d - a wand of flame (21)
 z - a wand of paralysis (16)
 D - a wand of iceblast (16)
 E - a wand of mindburst (12)
 K - a wand of digging (3)
Scrolls
 e - 2 scrolls of enchant weapon
 f - 4 scrolls of amnesia {unknown}
 h - a scroll of fog
 l - 3 scrolls of magic mapping
 n - 5 scrolls of blinking
 p - 2 scrolls of poison
 u - 6 scrolls of teleportation {unknown}
 I - 8 scrolls of immolation
 L - 5 scrolls of fear {unknown}
 M - a scroll of silence {unknown}
 P - a scroll of butterflies
 T - 2 scrolls of torment
 V - a scroll of identify
 Z - a scroll of vulnerability {unknown}
Potions
 b - 3 potions of magic
 i - 6 potions of degeneration {unknown}
 j - a potion of attraction
 m - 2 potions of berserk rage
 o - a potion of brilliance
 q - 4 potions of cancellation
 s - 5 potions of ambrosia
 t - 3 potions of haste
 v - 7 potions of curing
 w - a potion of resistance {unknown}
 B - 6 potions of flight
 C - a potion of heal wounds
 F - 2 potions of lignification
 O - a potion of might
Miscellaneous
 g - a tin of tremorstones (2/2)
 H - a lightning rod (4/4)


   Skills:
 - Level 10.4 Fighting
 - Level 9.1 Armour
 - Level 9.0 Dodging
 - Level 4.0 Stealth
 + Level 6.6 Shields
 - Level 10.6 Spellcasting
 - Level 10.7 Conjurations
 - Level 1.7 Necromancy
 - Level 10.0 Translocations


You had 19 spell levels left.
You knew the following spells:

 Your Spells              Type           Power      Damage    Failure   Level
a - Magic Dart            Conj           100%       1d8       1%          1
b - Searing Ray           Conj           100%       2d8       1%          2
c - Iskenderun's Mystic   Conj/Tloc      93%        2d18      1%          4
d - Fulminant Prism       Conj/Hex       35%        3d17      12%         4
e - Anguish               Hex/Necr       18%        N/A       61%         4

Your spell library contained the following spells:

 Spells                   Type           Power      Damage    Failure   Level
 Blink                    Tloc           100%       N/A       1%          2
 Lesser Beckoning         Tloc           100%       N/A       1%          2
 Momentum Strike          Conj/Tloc      100%       3d10      1%          2
 Dazzling Flash           Conj/Hex       100%       N/A       3%          3
 Hailstorm                Conj/Ice       70%        3d15      3%          3
 Freeze                   Ice            100%       1d10      12%         1
 Frozen Ramparts          Ice            54%        1d9       34%         3
 Ozocubu's Armour         Ice            27%        N/A       34%         3
 Cause Fear               Hex            13%        N/A       75%         4
 Metabolic Englaciation   Hex/Ice        13%        N/A       97%         5
 Simulacrum               Ice/Necr       18%        N/A       100%        6
 Enfeeble                 Hex            13%        N/A       100%        7
 Ozocubu's Refrigeration  Ice            13%        4d10      100%        7
 Polar Vortex             Ice            13%        N/A       100%        9


Dungeon Overview and Level Annotations

Branches:
Dungeon (14/15)            Temple (0/1) D:6            Lair (5/5) D:10
 Shoals (0/4) Lair:3       Spider (0/4) Lair:3        Slime (0/5) Lair:4
    Orc (2/2) D:9             Elf (0/3) Orc:2        Vaults (0/5) D:13
  Sewer (visited)

Shops:
D:4 [   D:13 *   Orc:2 =*:[*

Portals:
Trove: D:12 (give 18 scrolls of teleportation)

Annotations:
D:14 1 transporter, Okhots's ghost, journeyman MiFi


Innate Abilities, Weirdness & Mutations

You have an increased reservoir of magic. (+10% MP)
You shall have no god before yourself.
Your divine heritage dramatically boosts your attributes as you level up.
You are partially covered in iridescent scales. (AC +2)
You are strong-willed. (Will+)


Message History

Casting: Iskenderun's Mystic Blast (mildly dangerous; 1% risk of failure)
Confirm with . or Enter, or press ? or * to list all spells.
You feel a surge of power!
You erupt in a blast of force!
The mystic blast hits the wizard!!
The wizard is severely wounded.
The wizard is knocked back by the mystic blast.
The wizard slams into the rock wall!
You kill the wizard!
The mystic blast hits the rakshasa!
You kill the rakshasa!
The rakshasa shimmers and vanishes!
The mystic blast hits the purple ugly thing!!
The purple ugly thing is almost dead.
The purple ugly thing is knocked back by the mystic blast.
The purple ugly thing slams into the metal wall!
You kill the purple ugly thing!
You hear a trumpeting!
You now have 18/33 mp.
Unknown command.
The hell hog enters a dispersal trap!
The hell hog blinks!
You blink.
The hell hog blinks!
You see here 14 gold pieces.
Casting: Iskenderun's Mystic Blast (mildly dangerous; 1% risk of failure)
Confirm with . or Enter, or press ? or * to list all spells.
You feel a surge of power!
You erupt in a blast of force!
The mystic blast hits the rakshasa!
You kill the rakshasa!
The rakshasa shimmers and vanishes!
You hear a shout!
The hell hog breathes fire at you.
The fireball explodes!
The fireball engulfs you!!
* * * LOW HITPOINT WARNING * * *
The hell hog breathes fire at you.
The fireball explodes!
The fireball engulfs you!!
* * * LOW HITPOINT WARNING * * *
You feel much better.
You take 25 damage, and have 40/122 hp.
MASSIVE DAMAGE!!
You now have 15/33 mp.
The hell hog breathes fire at you.
The fireball explodes!
The fireball engulfs you!!!
You die...

# ##.####....###.......####...#
##..##...##[###...###..#...# ##
##.)....#§...#..##...##...## .##
##.....##..^####.# #.....# ..#
##.....##....R.# .##....#
..#######.#....##..ph### h##...#
#........##.....#....[.# )#...#
##..###..##...###$#§###.# .##..##
#### ##..#..###@)###.##.. #...##
## ##....#.^.##....#..##..... .##
###..#.h##...###./.##.... ..###
#..##.##..##X.....#.... ....###
#...#..#..#!.W.©.##.... ##....##
#...#(##..###:####..... ####..##
#...###....####........
######..###....©......##......(..
...# ##..##.....................#


You could see a rakshasa, 2 hell hogs and a wizard.

Vanquished Creatures
  Rupert (Lair:3)
  Jorgrun (D:12)
  Donald (Orc:2)
  Snorg (Orc:1)
  The ghost of suzumiya the Grappler, a journeyman TrFi of Okawaru (D:9)
  6 hydras
  3 catoblepae (Lair:5)
  Erolcha (D:13)
  3 boulder beetles
  2 centaur warriors
  8 two-headed ogres
  8 death yaks
  3 orc high priests (Orc:2)
  A skyshark (Lair:3)
  Sonja (Orc:2)
  An orb spider (Lair:3)
  A wizard (D:14)
  5 orc knights (Orc:2)
  6 orc sorcerers
  5 deep elf pyromancers
  A wolf spider (D:9)
  7 manticores
  14 ugly things
  2 cyclopes
  5 elephants (Lair:2)
  Maurice (Orc:2)
  A merfolk siren (Lair:3)
  3 black mambas
  2 gargoyles
  Joseph (D:8)
  12 cane toads
  3 torpor snails
  An unseen horror (D:10)
  3 rime drakes
  2 efreet
  2 kobold demonologists (D:9)
  8 komodo dragons
  A hornet (D:9)
  7 trolls
  4 polar bears
  Prince Ribbit (D:6)
  8 blink frogs
  6 slime creatures
  4 shadows
  3 wyverns
  A centaur simulacrum (D:14)
  3 wraiths
  50 yaks
  A steam dragon (Lair:2)
  2 basilisks
  A redback simulacrum (D:14)
  4 vampire mosquitoes (D:13)
  4 wargs
  An acid dragon (D:11)
  9 water moccasins
  2 ice beasts
  3 black bears
  16 orc warriors
  9 centaurs
  A wolf (D:10)
  5 ogres
  A phantom (D:7)
  9 kobold brigands
  12 bullfrogs
  A scorpion (D:6)
  3 wights (D:8)
  4 killer bees (D:10)
  2 electric eels (D:10)
  4 howler monkeys
  The ghost of AccursedSamuel the Cudgeller, a weakling TeMo (D:3)
  The ghost of shmup the Firebug, a weakling TeFE (D:3)
  A gnoll bouda (D:7)
  8 hounds
  6 jellies
  2 iguanas (D:6)
  17 orc priests
  2 sleepcaps
  22 orc wizards
  8 adders
  5 gnolls (D:7)
  2 river rats
  A shadow imp (D:7)
  2 white imps (D:8)
  2 adder zombies (D:3)
  2 worms (D:2)
  4 dart slugs
  47 orcs
  7 bats
  4 endoplasms
  7 hobgoblins
  5 jackals
  28 kobolds
  5 quokkas
  3 ball pythons
  3 frilled lizards
  5 goblins
  12 rats
521 creatures vanquished.

Notes
Turn   | Place    | Note
-------+----------+-------------------------------------------
     0 | D:1      | spardeous the Demigod Conjurer began the quest for the Orb.
     0 | D:1      | Reached XP level 1. HP: 14/14 MP: 5/5
   268 | D:1      | Reached XP level 2. HP: 20/20 MP: 0/7
  1147 | D:2      | Reached XP level 3. HP: 16/26 MP: 0/9
  1315 | D:2      | Learned a level 2 spell: Searing Ray
  1381 | D:2      | Identified the +3 sling "Pendulum" {flame, rCorr Int-4
                  | Dex+3 SInv}
  2378 | D:3      | Reached XP level 4. HP: 33/33 MP: 6/11
  2537 | D:3      | Found a runed translucent gate.
  2537 | D:3      | Found a runed translucent gate.
  2537 | D:3      | Found a runed translucent gate.
  2537 | D:3      | Noticed AccursedSamuel's ghost (weakling TeMo)
  2820 | D:3      | Found a runed translucent door.
  2848 | D:3      | Noticed shmup's ghost (weakling TeFE)
  3317 | D:3      | Learned a level 4 spell: Iskenderun's Mystic Blast
  3419 | D:4      | Found Roulaagg's Antique Armour Boutique.
  3524 | D:4      | Noticed an ogre
  3534 | D:4      | Killed an ogre
  3535 | D:4      | Reached skill level 5 in Conjurations
  3535 | D:4      | Reached XP level 5. HP: 38/38 MP: 6/13
  4001 | D:5      | Entered Level 5 of the Dungeon
  4110 | D:5      | Reached XP level 6. HP: 28/45 MP: 11/15
  4972 | D:5      | Reached XP level 7. HP: 50/50 MP: 15/17
  4992 | D:5      | Reached skill level 5 in Spellcasting
  5571 | D:6      | Found a glowing drain.
  5588 | Sewer    | Entered a sewer
  5942 | D:6      | HP: 2/50 [centaur/arrow (3)]
  6073 | D:6      | Found a staircase to the Ecumenical Temple.
  6218 | D:6      | Noticed Prince Ribbit
  6227 | D:6      | Killed Prince Ribbit
  6228 | D:6      | Reached skill level 5 in Translocations
  6228 | D:6      | Reached XP level 8. HP: 38/57 MP: 11/19
  7102 | D:6      | Identified the +0 robe of Eruceq {Str+2 Slay+3}
  7281 | D:3      | Killed shmup's ghost
  7376 | D:3      | Killed AccursedSamuel's ghost
  7664 | D:4      | Bought a pair of runed boots for 195 gold pieces
  8257 | D:7      | Reached XP level 9. HP: 53/62 MP: 10/21
  9116 | D:8      | Noticed Joseph
  9783 | D:8      | Killed Joseph
 10787 | D:9      | Noticed a centaur warrior
 10895 | D:9      | Killed a centaur warrior
 11086 | D:9      | Found a transporter.
 11086 | D:9      | Noticed a wolf spider
 11090 | D:9      | Noticed suzumiya's ghost (journeyman TrFi)
 11091 | D:9      | Noticed a two-headed ogre
 11237 | D:9      | Noticed a two-headed ogre
 11253 | D:9      | Killed a two-headed ogre
 11254 | D:9      | Reached XP level 10. HP: 54/78 MP: 16/27
 11331 | D:9      | Noticed a smoke demon
 11444 | D:9      | Reached skill level 5 in Fighting
 12187 | D:9      | Found a staircase to the Orcish Mines.
 12451 | D:9      | Found a transporter.
 12752 | D:10     | Entered Level 10 of the Dungeon
 12762 | D:10     | Noticed a two-headed ogre
 12776 | D:10     | Killed a two-headed ogre
 13257 | D:10     | Found a staircase to the Lair.
 13420 | D:10     | Reached XP level 11. HP: 92/94 MP: 21/28
 13515 | D:10     | Found a transporter.
 13974 | D:11     | Identified the +6 short sword "Qiow" {speed, Dex+3}
 14296 | D:11     | Noticed a deep elf pyromancer
 14308 | D:11     | Killed a deep elf pyromancer
 15351 | D:12     | Noticed Jorgrun
 15428 | D:12     | Reached skill level 10 in Conjurations
 15437 | D:12     | Noticed a deep elf pyromancer
 15440 | D:12     | Noticed a two-headed ogre
 15441 | D:12     | Killed a deep elf pyromancer
 15443 | D:12     | Killed a two-headed ogre
 15711 | D:12     | Noticed a two-headed ogre
 15893 | D:12     | Killed a two-headed ogre
 15913 | D:12     | Killed Jorgrun
 16180 | D:12     | Found a portal to a secret trove of treasure.
 16202 | D:12     | Noticed a deep elf pyromancer
 16203 | D:12     | Noticed a two-headed ogre
 16227 | D:12     | Killed a deep elf pyromancer
 16228 | D:12     | Reached skill level 10 in Spellcasting
 16365 | D:12     | Killed a two-headed ogre
 16810 | D:12     | Reached XP level 12. HP: 91/101 MP: 22/31
 17288 | D:13     | Noticed a five-headed hydra
 17300 | D:13     | Killed a five-headed hydra
 17935 | D:13     | Noticed Erolcha
 18197 | D:13     | Noticed a boulder beetle
 18225 | D:13     | Killed Erolcha
 18281 | D:12     | Identified a scroll of acquirement
 18289 | D:12     | Acquired a staff of conjuration
 18337 | D:13     | Learned a level 4 spell: Fulminant Prism
 18463 | D:13     | Killed a boulder beetle
 18669 | D:13     | Found Goyrch's Assorted Antiques.
 18676 | D:13     | Bought a scroll of identify for 58 gold pieces
 18676 | D:13     | Bought a bubbling black potion for 26 gold pieces
 18727 | D:13     | Found a gate to the Vaults.
 18800 | D:13     | Reached skill level 10 in Translocations
 19426 | D:13     | Reached skill level 5 in Dodging
 20083 | D:9      | Killed suzumiya's ghost
 20088 | D:9      | Identified the ring "Baocwe" {rC+ Int+3}
 20090 | D:9      | Identified the +1 scale mail "Liurchur" {rN+ Int+3}
 20226 | Lair:1   | Entered Level 1 of the Lair of Beasts
 21929 | Lair:2   | Reached XP level 13. HP: 107/107 MP: 23/32
 22378 | Lair:2   | Identified the +0 ring mail of Absolutism {Harm +Inv rElec
                  | Stlth-}
 23077 | Lair:3   | Reached skill level 10 in Fighting
 23354 | Lair:3   | Reached skill level 1 in Armour
 23359 | Lair:3   | Learned a level 4 spell: Anguish
 23429 | Lair:3   | Found a staircase to the Shoals.
 23536 | Lair:3   | Found a hole to the Spider Nest.
 24311 | Lair:3   | Noticed Rupert
 24346 | Lair:3   | Killed Rupert
 24726 | Lair:4   | Found a staircase to the Slime Pits.
 25760 | Lair:5   | Entered Level 5 of the Lair of Beasts
 26067 | Lair:5   | Reached skill level 5 in Armour
 27274 | Lair:5   | Reached XP level 14. HP: 98/122 MP: 14/33
 28031 | Orc:1    | Entered Level 1 of the Orcish Mines
 28550 | Orc:2    | Entered Level 2 of the Orcish Mines
 28561 | Orc:2    | Noticed Maurice
 28655 | Orc:2    | Killed Maurice
 29470 | Orc:2    | Noticed Snorg
 29478 | Orc:2    | Noticed Donald
 29521 | Orc:1    | Killed Snorg
 29634 | Orc:2    | Killed Donald
 29635 | Orc:2    | Reached skill level 1 in Necromancy
 29702 | Orc:2    | Found Hachedy's Assorted Antiques.
 29715 | Orc:2    | Reached skill level 1 in Shields
 29969 | Orc:2    | Found a staircase to the Elven Halls.
 30386 | Orc:2    | Paralysed by an orc sorcerer for 4 turns
 30482 | Orc:2    | Noticed Sonja
 30489 | Orc:2    | Killed Sonja
 30721 | Orc:2    | Found Taggaj's Antique Armour Boutique.
 30721 | Orc:2    | Found Ajael's Jewellery Boutique.
 30722 | Orc:2    | Found Axicaph's Book Emporium.
 30722 | Orc:2    | Found Oloenu's General Store.
 30814 | Orc:2    | Acquired the staff of poison "Teppoc" {Fragile rPois rN+
                  | Int+3 Dex+4}
 30873 | Orc:2    | Bought a scroll labelled VIEREA XO LUHA for 27 gold pieces
 30873 | Orc:2    | Bought blackened steam dragon scales for 1215 gold pieces
 30873 | Orc:2    | Identified the +0 steam dragon scales of the Knives {rPois
                  | rC+ Dex-4 Stlth+} (You bought it in a shop on level 2 of
                  | the Orcish Mines)
 30873 | Orc:2    | Bought a scroll of identify for 54 gold pieces
 30881 | Orc:2    | Gained mutation: Potions are less effective at restoring
                  | your health. [potion of mutation]
 30881 | Orc:2    | Gained mutation: You possess an exceptional clarity of
                  | mind. [potion of mutation]
 30881 | Orc:2    | Gained mutation: You have a pair of small horns on your
                  | head. [potion of mutation]
 30882 | Orc:2    | Lost mutation: You possess an exceptional clarity of mind.
                  | [potion of mutation]
 30882 | Orc:2    | Lost mutation: You have a pair of small horns on your head.
                  | [potion of mutation]
 30882 | Orc:2    | Lost mutation: Potions are less effective at restoring your
                  | health. [potion of mutation]
 30882 | Orc:2    | Gained mutation: You passively dampen the noise of your
                  | surroundings. [potion of mutation]
 30883 | Orc:2    | Lost mutation: You passively dampen the noise of your
                  | surroundings. [potion of mutation]
 30883 | Orc:2    | Gained mutation: Your mind is acute. (Int +4, Str/Dex -1)
                  | [potion of mutation]
 30883 | Orc:2    | Gained mutation: You have a pair of small antennae on your
                  | head. [potion of mutation]
 30884 | Orc:2    | Lost mutation: You have a pair of small antennae on your
                  | head. [potion of mutation]
 30884 | Orc:2    | Lost mutation: Your mind is acute. (Int +4, Str/Dex -1)
                  | [potion of mutation]
 30884 | Orc:2    | Gained mutation: You are partially covered in iridescent
                  | scales. (AC +2) [potion of mutation]
 30884 | Orc:2    | Gained mutation: You are strong-willed. (Will+) [potion of
                  | mutation]
 31527 | D:14     | Found a transporter.
 31929 | D:14     | Noticed Okhots's ghost (journeyman MiFi)
 31995 | D:14     | Noticed a hellephant
 32332 | D:14     | Reached skill level 5 in Shields
 33726 | D:14     | Found a transporter.
 34008 | D:14     | Killed from afar by a hell hog (illusionary)

Illustrated notes

Levels and vault maps discovered:
D:1:      sevenhm_arrival_forest_fort_small_4, layout_basic,
          ebering_ecumenical_altar_petrified, minmay_door_square,
          minmay_misc_feat_nine_boxes, minmay_tree_intersection
D:2:      layout_basic
D:3:      layout_loops_cross, nicolae_yredelemnul_ghost_church,
          ebering_ghost_inner_flame, minmay_misc_feat_doors,
          minmay_crystal_water
D:4:      layout_rooms, xom_butterflies, lemuel_doored_altar, serial_shops, shop
D:5:      layout_basic, lightli_temple_of_fire
D:6:      layout_basic, temple_statues, portal_sewer_entry_a,
          uniq_prince_ribbit1
D:7:      layout_layer_cave, nzn_hepliaklqana_mist_gate,
          pdpol_wu_jian_five_deadly_venoms, grunt_ministairs_2
D:8:      layout_basic, uniq_joseph
D:9:      layout_basic, orc_0_dummy, gammafunk_ghost_arena
D:10:     layout_rooms, okawaru_metal_pillars_1_2, erik_lair_island,
          st_stairs_14, nicolae_diode_basic
D:11:     layout_basic
D:12:     layout_roguey, nicolae_trove_entry_isolated, uniq_jorgrun
D:13:     layout_long_grid, david_vaults_1, serial_shops,
          nicolae_shop_advertising_works [nicolae_subvault_shop_adworks],
          roderic_lattice_a, uniq_erolcha
D:14:     layout_layer_cave, gammafunk_ghost_abyssal_escape
Lair:1:   layout_cave_pods
Lair:2:   layout_cave_pods
Lair:3:   layout_gridlike, minmay_shoals_entry_lonely_mermaid,
          nicolae_spider_entry_orb_guardian, evilmike_ambush
          [evilmike_ambush_outer_basic, evilmike_ambush_inner_basic],
          serial_bayou_shore_b, uniq_rupert
Lair:4:   layout_hall_layers, nicolae_slime_entry_field_trip
Lair:5:   evilmike_catoblepas_cave, layout_regular_city
Orc:1:    layout_caves
Orc:2:    st_orc_elflike, layout_diamond_mine, basic_altar, serial_shops, shop,
          uniq_sonja, uniq_donald, uniq_maurice, uniq_snorg

Skill      XL: |  1  2  3  4  5  6  7  8  9 10 11 12 13 14 |
---------------+-------------------------------------------+-----
Spellcasting   | 2 3 4 5 9 10 | 10.6
Conjurations   | 4 5 6 7 10 | 10.7
Translocations | 5 8 10 | 10.0
Fighting       | 3 7 10 | 10.4
Dodging        | 8 9 |  9.0
Armour         | 7 9 |  9.1
Stealth        | 4 |  4.0
Necromancy     | 1 |  1.7
Shields        | 6 |  6.6

Action                     |  1- 3 |  4- 6 |  7- 9 | 10-12 | 13-15 || total
---------------------------+-------+-------+-------+-------+-------++-------
  Melee: Whip              |     6 |       |     8 |    18 |       ||    32
         Dagger            |       |       |       |    11 |       ||    11
         Short sword       |       |       |       |     1 |       ||     1
         Staff             |       |       |       |    13 |    46 ||    59
   Cast: Magic Dart        |    96 |    84 |    54 |       |       ||   234
         Searing Ray       |       |     9 |    35 |    14 |    10 ||    68
         Iskenderun's Myst |       |       |    57 |   278 |   374 ||   709
  Evoke: Wand              |       |       |       |       |     1 ||     1
    Use: Potion            |       |       |     3 |     2 |     5 ||    10
         Scroll            |       |       |       |    18 |     5 ||    23
 Armour: Leather armour    |     9 |     6 |       |       |       ||    15
         Robe              |       |       |    22 |    30 |    36 ||    88
  Dodge: Dodged            |     4 |    17 |    68 |   166 |   182 ||   437
         Repelled          |       |       |       |     5 |    10 ||    15
  Block: Kite shield       |       |       |       |       |    30 ||    30
         Reflection        |       |       |       |       |     3 ||     3
